 Dungeon Crawl Stone Soup version 0.26.1-2-gb8aa6d0cf2 (webtiles) character file.

Game seed: 12662072307673707868

410 nightchill the Distorting Demonspawn (level 6, -6/49 HPs)
             Began as a Demonspawn Abyssal Knight on Feb 10, 2021.
             Was a Believer of Lugonu.
             Mangled by an ogre
             ... wielding a +0 giant club
              (9 damage)
             ... on level 4 of the Dungeon.
             The game lasted 00:08:43 (4663 turns).

nightchill the Distorting Demonspawn (DsAK)         Turns: 4663, Time: 00:08:43

Health: -6/49      AC:  9    Str: 15    XL:     6   Next: 58%
Magic:  5/9        EV:  6    Int: 13    God:    Lugonu [**....]
Gold:   109        SH:  0    Dex: 12    Spells: 5/5 levels left

rFire    . . .     SeeInvis .   k - +0 hand axe (curse)
rCold    . . .     Faith    .   (no shield)
rNeg     . . .     Spirit   .   c - +0 chain mail
rPois    .         Reflect  .   e - +1 hat
rElec    .         Harm     .   (no cloak)
rCorr    .         Rampage  .   (no gloves)
Will     .....                  (no boots)
Stlth    ..........             (no amulet)
HPRegen  0.16/turn              (no ring)
MPRegen  0.11/turn              (no ring)

@: no status effects
A: claws 1, powered by death 1, spiny 1
a: Renounce Religion, Depart the Abyss, Bend Space


You were on level 4 of the Dungeon.
You worshipped Lugonu.
Lugonu was pleased with you.
You visited 1 branch of the dungeon, and saw 4 of its levels.
You visited the Abyss 1 time.

You collected 109 gold pieces.

Inventory:

Hand Weapons
 a - a +1 hand axe
 k - a cursed +0 hand axe (weapon)
Missiles
 h - 47 stones
Armour
 c - a +0 chain mail (worn)
 e - a +1 hat (worn)
Jewellery
 n - an uncursed amulet of regeneration {unknown}
Scrolls
 d - 4 scrolls of teleportation {unknown}
 f - a scroll of identify {unknown}
 g - a scroll of enchant armour {unknown}
 m - a scroll of amnesia {unknown}
 p - a scroll of magic mapping {unknown}
Potions
 b - a potion of ambrosia {unknown}
 i - 2 potions of curing {unknown}
 j - a potion of might
 l - a potion of degeneration {unknown}
 o - a potion of cancellation {unknown}
 q - a potion of lignification {unknown}


   Skills:
 + Level 4.5 Fighting
 * Level 4.7 Axes
 - Level 1.7 Armour
 - Level 0.8 Dodging
 + Level 5.0 Invocations


You had 5 spell levels left.
You didn't know any spells.
Your spell library was empty.

Dungeon Overview and Level Annotations

Branches:
Dungeon (4/15)             Temple (0/1) D:4

Altars:
Ashenzari
Makhleb
Okawaru

Annotations:
D:2 exclusion: downstairs


Innate Abilities, Weirdness & Mutations

You have sharp fingernails.
You regenerate a little health from kills.
You are partially covered in sharp spines.


Message History

Press: ? - help, Shift-Dir - straight line, f - ogre
Aim: an ogre, wielding a +0 giant club (chance to affect: 83%)
Okay, then.
You hit the ogre but do no damage. The ogre is struck by your spines.
The ogre hits you with a +0 giant club!
You hit the ogre but do no damage.
The ogre is lightly wounded.
The ogre hits you with a +0 giant club!
Your chain mail prevents you from hitting the ogre.
The ogre is lightly wounded.
Your chain mail prevents you from hitting the ogre.
The ogre is lightly wounded.
The ogre hits you with a +0 giant club!
* * * LOW HITPOINT WARNING * * *
Press: ? - help, Shift-Dir - straight line, f - ogre
Aim: an ogre, wielding a +0 giant club (lightly wounded, chance to affect: 83%)
The ogre barely resists.
You can no longer banish your foes.
The ogre is struck by your spines. The ogre hits you with a +0 giant club!
You die...

.... ..# .... #.##
...##..# .# ####.....####
..# #>.##...##.<# ....
#...#...#...#
...######..#...#..## #
...#.#..###.....###..##.
................@O......
.........รท...8..........
........................
......#.###.....###.....
....##### +#...#.. #...#
....### #...#... ..##
....<.## #...##.> ##
.......# .....#
.......... ....


You could see an ogre.

Vanquished Creatures
  An ice beast (D:4)
  A hound (D:3)
  A centaur skeleton (D:4)
  An orc wizard (D:2)
  A worker ant (D:4)
  6 gnolls
  6 adders
  An ooze (D:2)
  A worm (D:2)
  4 dart slugs (D:1)
  7 leopard geckos
  7 orcs
  3 giant cockroaches
  8 hobgoblins
  8 kobolds
  A quokka (D:4)
  11 bats
  8 frilled lizards
  8 goblins
  3 rats
87 creatures vanquished.

Notes
Turn   | Place    | Note
-------+----------+-------------------------------------------
     0 | Abyss:1  | nightchill the Demonspawn Abyssal Knight began the quest
                  | for the Orb.
     0 | Abyss:1  | Reached XP level 1. HP: 18/18 MP: 2/2
    11 | D:1      | Escaped the Abyss
   197 | D:1      | Gained mutation: You have sharp fingernails. [demonic
                  | ancestry]
   197 | D:1      | Reached XP level 2. HP: 24/24 MP: 4/4
   472 | D:1      | Reached skill level 3 in Invocations
   788 | D:1      | Reached ** piety under Lugonu
   789 | D:1      | Reached XP level 3. HP: 25/29 MP: 5/5
  1487 | D:2      | Found a burning altar of Makhleb.
  1762 | D:2      | Gained mutation: You are partially covered in sharp spines.
                  | [demonic ancestry]
  1762 | D:2      | Reached XP level 4. HP: 35/35 MP: 6/6
  2582 | D:3      | Found a broken altar of Ashenzari.
  3427 | D:2      | Reached XP level 5. HP: 42/42 MP: 7/7
  3438 | D:3      | Reached skill level 4 in Invocations
  3615 | D:3      | Found an iron altar of Okawaru.
  3933 | D:3      | Reached *** piety under Lugonu
  4121 | D:4      | Noticed an ice beast
  4165 | D:4      | Killed an ice beast
  4166 | D:4      | Gained mutation: You regenerate a little health from kills.
                  | [demonic ancestry]
  4166 | D:4      | Reached XP level 6. HP: 33/49 MP: 9/9
  4285 | D:4      | Found a staircase to the Ecumenical Temple.
  4412 | D:4      | Reached skill level 5 in Invocations
  4663 | D:4      | Mangled by an ogre

Illustrated notes

Levels and vault maps discovered:
D:1:      saegor_arrival_simple_a, layout_basic, nrook_campfire
D:2:      layout_basic, bloody_makhleb
D:3:      layout_basic, nicolae_overflow_crystal_walls, lemuel_round_altar,
          bh_walls_and_bars
D:4:      layout_cave_pools, minmay_temple_entry_statues_pillars,
          grunt_ministairs_6

Skill      XL: |  1  2  3  4  5  6 |
---------------+-------------------+-----
Axes           | 2 3 4 |  4.7
Invocations    | 3 4 5 |  5.0
Fighting       | 4 |  4.5
Armour         | |  1.7
Dodging        | |  0.8

Action                   |  1- 3 |  4- 6 || total
-------------------------+-------+-------++-------
Melee: Hand axe          |   153 |   141 ||   294
Invok: Banish            |       |     1 ||     1
Armor: Leather armour    |     9 |       ||     9
       Chain mail        |    93 |   108 ||   201
Dodge: Dodged            |    79 |    43 ||   122
